 Dungeon Crawl Stone Soup version 0.22.0-13-g43fe8f2 (webtiles) character file.

107 letownia2 the Insei (level 4, -4/33 HPs)
             Began as a Demonspawn Transmuter on Aug 16, 2018.
             Slain by a gnoll
             ... wielding a +2 spear of flaming
              (8 damage)
             ... on level 2 of the Dungeon.
             The game lasted 00:07:09 (1234 turns).

letownia2 the Insei (Demonspawn Transmuter)         Turns: 1234, Time: 00:07:10

Health: -4/33      AC:  7    Str: 11    XL:     4   Next: 56%
Magic:  7/7        EV: 11    Int: 15    God:
Gold:   101        SH:  0    Dex: 13    Spells: 1/7 levels left

rFire    . . .     SeeInvis .     - Unarmed
rCold    . . .     Gourm    .   (no shield)
rNeg     . . .     Faith    .   c - +0 ring mail
rPois    .         Spirit   .   (no helmet)
rElec    .         Reflect  .   (no cloak)
rCorr    .         Harm     .   (no gloves)
MR       .....                  (no boots)
Stlth    +.........             (no amulet)
HPRegen  0.11/turn              l - ring of flight
MPRegen  0.10/turn              u - +1 ring of evasion

@: appendage (expiring), very slightly contaminated
A: horns 2, slimy green scales 1, powered by pain 1
a: End Transformation, Evoke Flight


You were on level 2 of the Dungeon.
You were hungry.
You had grown temporary horns.
You visited 1 branch of the dungeon, and saw 3 of its levels.

You collected 101 gold pieces.

Inventory:

Missiles
 a - 32 arrows
 r - 32 sling bullets
Armour
 b - a +0 robe
 c - a +0 ring mail (worn)
 n - a +0 leather armour
Jewellery
 l - a ring of flight (left hand)
 u - a +1 ring of evasion (right hand)
Scrolls
 f - 2 scrolls of remove curse {unknown}
 i - a scroll of teleportation {unknown}
 j - a scroll of fear {unknown}
 m - a scroll of noise {unknown}
 o - a scroll of amnesia {unknown}
 p - a scroll of fog {unknown}
 t - a scroll of magic mapping {unknown}
 v - a scroll of blinking {unknown}
Potions
 e - a potion of magic {unknown}
 g - a potion of cancellation {unknown}
 h - a potion of ambrosia {unknown}
 k - a potion of heal wounds {unknown}
 q - 2 potions of lignification {unknown}
Comestibles
 d - 3 rations
 s - a chunk of flesh


   Skills:
 + Level 1.9 Fighting
 - Level 1.1 Armour
 - Level 1.7 Dodging
 + Level 4.4 Unarmed Combat
 - Level 2.0 Spellcasting
 - Level 1.7 Transmutations


You had one spell level left.
You knew the following spells:

 Your Spells              Type           Power        Failure   Level  Hunger
a - Beastly Appendage     Tmut           #.....       26%         1    #......
l - Sticks to Snakes      Tmut           #.......     36%         2    ###....
p - Spider Form           Tmut/Pois      #.........   73%         3    ###....

Your spell library contained the following spells:

 Spells                   Type           Power        Failure   Level  Hunger
 Blade Hands              Tmut           #.........   100%        5    ######.
 Ice Form                 Ice/Tmut       #.......     98%         4    #####..


Dungeon Overview and Level Annotations

Branches:
Dungeon (3/15)

Altars:


Innate Abilities, Weirdness & Mutations

You are partially covered in slimy green scales. (AC +2)
You sometimes gain a little power by taking damage.
You have a pair of horns on your head.


Message History

The gnoll hits you with a flail of protection.
Unknown command.
You hit the gnoll.
The gnoll is moderately wounded.
Your transformation is almost over.
Your ball python bites the gnoll but does no damage.
Your ball python grabs the gnoll.
Your ball python constricts the gnoll.
Unknown command.
You hit the gnoll but do no damage. You headbutt the gnoll.
You punch the gnoll, but do no damage.
The gnoll is severely wounded.
Your ball python bites the gnoll but does no damage.
Your ball python constricts the gnoll.
The gnoll hits you with a flail of protection!
* * * LOW HITPOINT WARNING * * *
You focus on the pain.
You feel your power returning. The gnoll closely misses you.
Your ball python bites the gnoll.
Your ball python constricts the gnoll.
The gnoll hits you from afar with a spear of flaming!
You die...

..###..........##........####...
....#<.........##........... ...
.##.#....................####...
.##.#...............>....###.....
..............#..................
................####.........#...
##.........#..### #...........#
#.#.###...#..######.........#
#...........[..@gg..........#
###............Sg.#.........#
.#..............>.###.###....###.
.#.......###.....[# #.# #.....g..
....÷.#.###..#.#### #.# #........
#.......###.##.######.####..###..
#....÷..##..##.#..#.....#.... .
#...<......###...##.....#..#..
##....÷..#.....####.....#..####


You could see 3 gnolls and a friendly ball python.

Vanquished Creatures
  2 gnolls
  5 adders
  A worm (D:2)
  A dart slug (D:3)
  A leopard gecko (D:2)
  2 orcs
  6 bats
  5 giant cockroaches (D:1)
  A hobgoblin (D:3)
  A quokka (D:2)
  4 frilled lizards
  2 gnoll zombies (D:2)
  3 goblins
  5 kobolds
  4 rats (D:1)
43 creatures vanquished.

Notes
Turn   | Place    | Note
-------+----------+-------------------------------------------
     0 | D:1      | letownia2 the Demonspawn Transmuter began the quest for the Orb.
     0 | D:1      | Reached XP level 1. HP: 15/15 MP: 3/3
    67 | D:1      | Reached skill level 3 in Unarmed Combat
   195 | D:1      | Gained mutation: You are partially covered in slimy green scales. (AC +2) [demonic ancestry]
   195 | D:1      | Reached XP level 2. HP: 13/21 MP: 3/5
   501 | D:1      | Gained mutation: You sometimes gain a little power by taking damage. [demonic ancestry]
   501 | D:1      | Reached XP level 3. HP: 11/26 MP: 4/6
   591 | D:2      | Learned a level 2 spell: Sticks to Snakes
   595 | D:2      | Learned a level 3 spell: Spider Form
   638 | D:2      | Reached skill level 4 in Unarmed Combat
   926 | D:3      | Reached XP level 4. HP: 22/32 MP: 3/7
  1037 | D:3      | Reached skill level 1 in Armour
  1234 | D:2      | Slain by a gnoll

Skill      XL: |  1  2  3  4 |
---------------+-------------+-----
Unarmed Combat | 3 4 |  4.4
Armour         | 1 |  1.1
Fighting       | |  1.9
Dodging        | |  1.7
Spellcasting   | |  2.0
Transmutations | |  1.7

Action                   |  1- 3 |  4- 6 || total
-------------------------+-------+-------++-------
Melee: Unarmed           |    95 |    57 ||   152
       Headbutt          |     8 |     6 ||    14
       Kick              |     7 |       ||     7
       Punch             |       |     2 ||     2
 Cast: Beastly Appendage |    24 |     6 ||    30
       Sticks to Snakes  |     1 |     2 ||     3
  Eat: Chunk             |     1 |     1 ||     2
Armor: Robe              |     2 |       ||     2
       Ring mail         |    49 |    12 ||    61
Dodge: Dodged            |    73 |    32 ||   105
